 Dungeon Crawl Stone Soup version 0.28-a0-1212-gc6b4282bc0 (webtiles) character file.

Game seed: 15708603687229518848

3 ChaosChampion the Insei (level 1, 0/13 HPs)
             Began as an Octopode Transmuter on Dec 21, 2021.
             Slain by a kobold (3 damage)
             ... on level 1 of the Dungeon.
             The game lasted 00:00:15 (107 turns).

ChaosChampion the Insei (Octopode Transmuter)        Turns: 107, Time: 00:00:15

Health: 0/13       AC:  1    Str:  9    XL:     1   Next: 50%
Magic:  3/3        EV: 13    Int: 15    God:
Gold:   9          SH:  0    Dex: 12    Spells: 3/4 levels left

rFire   . . .      SeeInvis .     - Unarmed
rCold   . . .      Faith    .   (no shield)
rNeg    . . .      Spirit   .   (helmet restricted)
rPois   .          Reflect  .   (no amulet)
rElec   .          Harm     .   (no ring)
rCorr   .          Rampage  .   (no ring)
Will    .....                   (no ring)
Stlth   ++........              (no ring)
HPRegen 0.04/turn               (no ring)
MPRegen 0.08/turn               (no ring)
                                (no ring)
                                (no ring)

@: no status effects
A: almost no armour, amphibious, 8 rings, camouflage 1, gelatinous body 1,
(nimble swimmer 1), tentacles
a: no special abilities


You were on level 1 of the Dungeon.
You visited 1 branch of the dungeon, and saw 1 of its levels.

You collected 9 gold pieces.

Inventory:

Scrolls
 a - a scroll of torment {unknown}


   Skills:
 - Level 1.0 Fighting
 - Level 2.0 Dodging
 * Level 3.1 Unarmed Combat
 - Level 2.0 Spellcasting
 + Level 2.1 Transmutations


You had 3 spell levels left.
You knew the following spells:

 Your Spells              Type           Power      Damage    Failure   Level
a - Beastly Appendage     Tmut           14%        N/A       10%         1

Your spell library contained the following spells:

 Spells                   Type           Power      Damage    Failure   Level
 Wereblood                Tmut           7%         N/A       14%         2
 Spider Form              Tmut/Pois      4%         N/A       41%         3
 Ice Form                 Ice/Tmut       4%         N/A       82%         4


Dungeon Overview and Level Annotations

Branches:
Dungeon (1/15)

Altars:


Innate Abilities, Weirdness & Mutations

You cannot wear most types of armour.
You are amphibious.
You can wear up to eight rings at the same time.
Your skin changes colour to match your surroundings (Stealth+).
Your rubbery body absorbs attacks. (AC +1, EV +1)
((You are camouflaged when in or above water. (Stealth+)))
You have tentacles for arms and can constrict up to eight enemies at once.


Message History

You miss the kobold. Your grab misses the kobold.
Your squeeze misses the kobold. The kobold completely misses you.
The kobold barely misses you.
You tentacle-slap the kobold. Your grab misses the kobold.
The kobold is severely wounded.
The kobold closely misses you. The kobold barely misses you.
You tentacle-slap the kobold.
You kill the kobold!
The kobold hits you with a +0 short sword.
A kobold comes into view. It is wielding a +0 dagger.
The kobold shouts!
You tentacle-slap the ball python but do no damage.
Your grab misses the ball python. The ball python barely misses you.
The ball python misses you.
You tentacle-slap the ball python.
You kill the ball python!
You tentacle-slap the kobold but do no damage.
Your grab misses the kobold.
The kobold hits you with a +0 short sword.
You are too injured to fight recklessly!
You are too injured to fight recklessly!
You are too injured to fight recklessly!
Casting: Beastly Appendage (safe; 10% risk of failure)
Confirm with . or Enter, or press ? or * to list all spells.
You miscast Beastly Appendage.
You are very lightly contaminated with residual magic.
Nothing appears to happen.
The kobold hits you with a +0 short sword.
* * * LOW HITPOINT WARNING * * *
You are too injured to fight recklessly!
You are too injured to fight recklessly!
Your magical contamination has completely faded away.
You tentacle-slap the kobold. Your grab misses the kobold.
The kobold is moderately wounded.
The kobold barely misses you.
You barely miss the kobold. You grab the kobold.
The kobold is moderately wounded.
You constrict the kobold.
The kobold hits you with a +0 short sword.
You die...

#..# #.#.##.# #.# #......########
..# #.#..#.##≈≈>≈≈# #.#
#.####....#.##≈≈≈≈≈# #.#
#...........##≈≈§≈≈### .K#
######.####....≈§≈...# #.#
#.####..8.....8.#
#.###############..........<....#
......K..#....KK@.####.....8.....
####...#......##### ##..........
#.#.#.#.##.# #........##
#.#...#.##.# ......8..##
#.###...##.# ##..##.....
####.#...####.# .... ....###
.....#...####.# ##. ##..#
####...#......# ############


You could see 2 kobolds.

Vanquished Creatures
  A hobgoblin (D:1)
  A kobold (D:1)
  A ball python (D:1)
3 creatures vanquished.

Notes
Turn   | Place    | Note
-------+----------+-------------------------------------------
     0 | D:1      | ChaosChampion the Octopode Transmuter began the quest for
                  | the Orb.
     0 | D:1      | Reached XP level 1. HP: 13/13 MP: 3/3
   107 | D:1      | Slain by a kobold

Illustrated notes

Levels and vault maps discovered:
D:1:      grunt_arrival_lava_bath, layout_loops_cross, roderic_filled_cross,
          kennysheep_minor_cross, serial_bayou_lagoon_a

Action                   || total
-------------------------++-------
Melee: Unarmed           ||    15
       Constrict         ||     1
 Cast: Beastly Appendage ||     1
Dodge: Dodged            ||    12

Table legend: (Time is in decaauts)
 A = Elapsed time spent in this place.
 B = Non-inter-level travel time spent in this place.
 C = Inter-level travel time spent in this place.
 D = Time resting spent in this place.
 E = Time spent auto-exploring this place.
 F = Levels seen in this place.
 G = Mean time per level.
                   A        B        C        D        E       F      G
               +--------+--------+--------+--------+--------+-----+--------+
         Total |    106 |    106 |      0 |      0 |     62 |   1 |  106.0 |
       Dungeon |    106 |    106 |      0 |      0 |     62 |   1 |  106.0 |
               +--------+--------+--------+--------+--------+-----+--------+

Top non-repeatable levels by time:
     D:1: 106 daAuts
